 Dungeon Crawl Stone Soup version 0.26-a0-652-gafc20e3620 (webtiles) character file.

Game seed: 5896987879860946368

1153 zhorgal the Conjurer (level 8, -2/55 (58) HPs)
             Began as a Gnoll Conjurer on Oct 1, 2020.
             Killed by divine providence
             ... invoked by an orc priest
              (14 damage)
             ... on level 4 of the Dungeon on Oct 2, 2020.
             The game lasted 00:14:34 (4520 turns).

zhorgal the Conjurer (Gnoll Conjurer)               Turns: 4520, Time: 00:14:35

HP:   -2/55 (58)    AC:  2    Str: 11    XL:     8   Next: 38%
MP:   15/17         EV: 15    Int: 22    God:
Gold: 166           SH:  0    Dex: 13    Spells: 9/19 levels left

rFire    . . .     SeeInvis .   u - +2 hand axe (vorpal)
rCold    . . .     Faith    .   (no shield)
rNeg     . . .     Spirit   .   a - +0 robe
rPois    .         Reflect  .   (no helmet)
rElec    .         Harm     .   (no cloak)
rCorr    .         Rampage  .   (no gloves)
MR       .....                  (no boots)
Stlth    +++.......             (no amulet)
HPRegen  0.18/turn              (no ring)
MPRegen  0.15/turn              (no ring)

@: no status effects
A: distributed training, fangs 1, strong nose
a: no special abilities


You were on level 4 of the Dungeon.
You visited 1 branch of the dungeon, and saw 4 of its levels.

You collected 166 gold pieces.

Inventory:

Hand Weapons
 l - a +0 short sword
 s - a +0 hunting sling
 t - a +0 falchion
 u - a +2 vorpal hand axe (weapon)
 z - a +4 trident
Missiles
 d - 188 stones (quivered)
 e - 40 poisoned darts
 k - 18 sling bullets
 o - 21 bolts
 y - 9 arrows
Armour
 a - a +0 robe (worn)
 r - a +0 ring mail
 x - a +0 leather armour of positive energy
Jewellery
 v - a cursed ring of attention {unknown}
Scrolls
 c - 2 scrolls of teleportation {unknown}
 f - 6 scrolls of identify {unknown}
 g - a scroll of immolation {unknown}
 h - 2 scrolls of fear {unknown}
 i - 2 scrolls of magic mapping {unknown}
 n - 2 scrolls of amnesia {unknown}
 A - a scroll of fog {unknown}
Potions
 b - 3 potions of might {unknown}
 j - a potion of mutation {unknown}
 m - a potion of degeneration {unknown}
 p - a potion of heal wounds {unknown}
 q - a potion of magic {unknown}
 w - a potion of brilliance {unknown}


   Skills:
 + Level 3.2 Fighting
 + Level 3.2 Short Blades
 + Level 3.2 Long Blades
 + Level 3.2 Axes
 + Level 3.2 Maces & Flails
 + Level 3.2 Polearms
 + Level 3.2 Staves
 + Level 3.2 Slings
 + Level 3.2 Bows
 + Level 3.2 Crossbows
 + Level 3.2 Throwing
 + Level 3.2 Armour
 + Level 5.6 Dodging
 + Level 5.3 Stealth
 + Level 3.2 Shields
 + Level 3.2 Unarmed Combat
 + Level 6.0 Spellcasting
 + Level 7.6 Conjurations
 + Level 2.6 Hexes
 + Level 2.6 Summonings
 + Level 2.6 Necromancy
 + Level 2.6 Translocations
 + Level 2.6 Transmutations
 + Level 2.6 Fire Magic
 + Level 2.6 Ice Magic
 + Level 2.6 Air Magic
 + Level 2.6 Earth Magic
 + Level 2.6 Poison Magic
 + Level 3.5 Invocations
 + Level 3.2 Evocations


You had 9 spell levels left.
You knew the following spells:

 Your Spells              Type           Power        Failure   Level
a - Magic Dart            Conj           ####         1%          1
b - Searing Ray           Conj           #####.       1%          2
c - Dazzling Flash        Conj/Hex       ####..       3%          3
d - Fulminant Prism       Conj/Hex       ####......   11%         4

Your spell library contained the following spells:

 Spells                   Type           Power        Failure   Level
 Iskenderun's Mystic Bla  Conj/Tloc      ####....     11%         4


Dungeon Overview and Level Annotations

Branches:
Dungeon (4/15)
 Temple: D:4-7

Altars:
Xom
Zin


Innate Abilities, Weirdness & Mutations

Your experience applies equally to all skills.
You have very sharp teeth.
Your uncanny sense of smell can sniff out nearby items.


Message History

A magic dart appears from out of thin air!
The magic dart hits you.
You hit the orc priest.
You bite the orc priest, but do no damage.
You hit something.
The orc priest hits you but does no damage.
Something hits you.
You completely miss the orc priest. You miss something.
The orc priest hits you with a +0 dagger.
Something hits you. The orc priest misses you.
You closely miss the orc priest. You miss something.
Something closely misses you.
The orc priest invokes the aid of Beogh against you.
Pain shoots through your body!
* * * LOW HITPOINT WARNING * * *
You hit the orc priest. You hit something. Something hits you.
* * * LOW HITPOINT WARNING * * *
The orc priest invokes the aid of Beogh against you.
Beogh smites you!
You die...

#......##.#.#
#......##.#.#
#......##.#
#......##.#
#.##...# #
#.##†).##.#
#.##......#
#.###..####
#.# #@..#
#....{o..#
......l#.....
.......
...###
....... ...#
....... ...#
....... .#>#
...$... .###


You could see an orc priest and a leopard gecko.

Vanquished Creatures
  A phantom (D:3)
  2 ogres (D:4)
  A necrophage (D:4)
  A bullfrog (D:3)
  2 scorpions (D:4)
  3 wights (D:4)
  5 orc priests
  A hound (D:3)
  3 orc wizards (D:4)
  An iguana (D:4)
  2 worker ants (D:4)
  A howler monkey skeleton (D:4)
  4 gnolls (D:4)
  5 adders
  2 dart slugs
  3 leopard geckos
  12 orcs
  5 giant cockroaches
  9 goblins
  12 hobgoblins
  11 jackals
  9 kobolds
  A quokka (D:4)
  5 bats
  A frilled lizard (D:3)
  4 rats
106 creatures vanquished.

Vanquished Creatures (others)
  2 fulminant prisms (D:4)
  37 plants
39 creatures vanquished.

Grand Total: 145 creatures vanquished

Notes
Turn   | Place    | Note
-------+----------+-------------------------------------------
     0 | D:1      | zhorgal the Gnoll Conjurer began the quest for the Orb.
     0 | D:1      | Reached XP level 1. HP: 13/13 MP: 6/6
    80 | D:1      | Reached XP level 2. HP: 19/19 MP: 2/7
    84 | D:1      | Learned a level 2 spell: Searing Ray
   540 | D:1      | Reached XP level 3. HP: 25/25 MP: 6/9
   542 | D:1      | Reached skill level 5 in Spellcasting
   549 | D:1      | Learned a level 3 spell: Dazzling Flash
   994 | D:2      | Reached skill level 1 in Invocations
  1296 | D:2      | Reached skill level 1 in Fighting
  1296 | D:2      | Reached skill level 1 in Short Blades
  1296 | D:2      | Reached skill level 1 in Long Blades
  1296 | D:2      | Reached skill level 1 in Axes
  1296 | D:2      | Reached skill level 1 in Maces & Flails
  1296 | D:2      | Reached skill level 1 in Polearms
  1296 | D:2      | Reached skill level 1 in Staves
  1296 | D:2      | Reached skill level 1 in Slings
  1296 | D:2      | Reached skill level 1 in Bows
  1296 | D:2      | Reached skill level 1 in Crossbows
  1296 | D:2      | Reached skill level 1 in Throwing
  1296 | D:2      | Reached skill level 1 in Armour
  1296 | D:2      | Reached skill level 1 in Shields
  1296 | D:2      | Reached skill level 1 in Unarmed Combat
  1296 | D:2      | Reached skill level 1 in Evocations
  1394 | D:2      | Reached XP level 4. HP: 32/32 MP: 9/11
  1400 | D:2      | Learned a level 4 spell: Fulminant Prism
  1693 | D:2      | Found a glowing silver altar of Zin.
  2229 | D:3      | Noticed a phantom
  2241 | D:3      | Killed a phantom
  2241 | D:3      | Reached skill level 1 in Hexes
  2241 | D:3      | Reached skill level 1 in Summonings
  2241 | D:3      | Reached skill level 1 in Necromancy
  2241 | D:3      | Reached skill level 1 in Translocations
  2241 | D:3      | Reached skill level 1 in Transmutations
  2241 | D:3      | Reached skill level 1 in Fire Magic
  2241 | D:3      | Reached skill level 1 in Ice Magic
  2241 | D:3      | Reached skill level 1 in Air Magic
  2241 | D:3      | Reached skill level 1 in Earth Magic
  2241 | D:3      | Reached skill level 1 in Poison Magic
  2241 | D:3      | Reached XP level 5. HP: 37/37 MP: 1/12
  2354 | D:3      | Reached XP level 6. HP: 29/44 MP: 4/13
  2689 | D:3      | Reached skill level 5 in Dodging
  3215 | D:4      | Reached XP level 7. HP: 32/50 MP: 3/15
  3580 | D:4      | Reached skill level 5 in Stealth
  3949 | D:4      | Found a shimmering altar of Xom.
  4120 | D:4      | Reached XP level 8. HP: 57/57 MP: 12/16
  4520 | D:4      | Killed from afar by an orc priest

Illustrated notes

Levels and vault maps discovered:
D:1:      dpeg_arrival_tiny_h, layout_rooms, serial_forest,
          infiniplex_forest_end_1, infiniplex_forest_clump_large,
          infiniplex_forest_straight_2, infiniplex_forest_corner_1,
          infiniplex_forest_corner_1, infiniplex_forest_lined_2,
          infiniplex_forest_straight_4, infiniplex_forest_side_room,
          serial_bayou_lagoon_a, minmay_3d_cube
D:2:      minmay_angry_zag, layout_loops_ring, zin_treasury, serial_forest,
          infiniplex_forest_clump_large, infiniplex_forest_lined_3,
          infiniplex_forest_clump_curved, infiniplex_forest_straight_3,
          infiniplex_forest_clump_long, infiniplex_forest_lined_2,
          infiniplex_forest_lined_ring, infiniplex_forest_lined_ring
D:3:      layout_rooms
D:4:      layout_basic, brannock_xom_greatest_gift

Skill      XL: |  1  2  3  4  5  6  7  8 |
---------------+-------------------------+-----
Spellcasting   | 5 6 |  6.0
Invocations    | 1 2 3 |  3.5
Fighting       | 1 2 3 |  3.2
Short Blades   | 1 2 3 |  3.2
Long Blades    | 1 2 3 |  3.2
Axes           | 1 2 3 |  3.2
Maces & Flails | 1 2 3 |  3.2
Polearms       | 1 2 3 |  3.2
Staves         | 1 2 3 |  3.2
Slings         | 1 2 3 |  3.2
Bows           | 1 2 3 |  3.2
Crossbows      | 1 2 3 |  3.2
Throwing       | 1 2 3 |  3.2
Armour         | 1 2 3 |  3.2
Shields        | 1 2 3 |  3.2
Unarmed Combat | 1 2 3 |  3.2
Evocations     | 1 2 3 |  3.2
Hexes          | 1 2 |  2.6
Summonings     | 1 2 |  2.6
Necromancy     | 1 2 |  2.6
Translocations | 1 2 |  2.6
Transmutations | 1 2 |  2.6
Fire Magic     | 1 2 |  2.6
Ice Magic      | 1 2 |  2.6
Air Magic      | 1 2 |  2.6
Earth Magic    | 1 2 |  2.6
Poison Magic   | 1 2 |  2.6
Dodging        | 5 |  5.6
Stealth        | 5 |  5.3
Conjurations   | |  7.6

Action                   |  1- 3 |  4- 6 |  7- 9 || total
-------------------------+-------+-------+-------++-------
Melee: Short sword       |    16 |     5 |       ||    21
       Bite              |     1 |       |     3 ||     4
       Unarmed           |       |       |     9 ||     9
       Hand axe          |       |       |    26 ||    26
 Cast: Magic Dart        |    60 |   102 |    39 ||   201
       Searing Ray       |     1 |     2 |    11 ||    14
       Fulminant Prism   |       |       |     2 ||     2
 Stab: Confused          |       |       |     1 ||     1
Armor: Robe              |     4 |     1 |     2 ||     7
Dodge: Dodged            |    17 |    30 |    23 ||    70

Table legend: (Time is in decaauts)
 A = Elapsed time spent in this place.
 B = Non-inter-level travel time spent in this place.
 C = Inter-level travel time spent in this place.
 D = Time resting spent in this place.
 E = Time spent auto-exploring this place.
 F = Levels seen in this place.
 G = Mean time per level.
                   A        B        C        D        E       F      G
               +--------+--------+--------+--------+--------+-----+--------+
         Total |   4538 |   4422 |    116 |    317 |   3394 |   4 | 1134.5 |
       Dungeon |   4538 |   4422 |    116 |    317 |   3394 |   4 | 1134.5 |
               +--------+--------+--------+--------+--------+-----+--------+

Top non-repeatable levels by time:
     D:3: 1303 daAuts
     D:4: 1246 daAuts
     D:2: 1100 daAuts
     D:1: 887 daAuts
